 Dungeon Crawl Stone Soup version 0.23.0-3-gf3c87f2df8 (webtiles) character file.

Game seed: 14857555792188236648

10453 laktoze the Slicer (level 11, -1/76 HPs)
             Began as a Kobold Berserker on Feb 20, 2019.
             Was a High Priest of Trog.
             Splashed by an oklob plant's acid (17 damage)
             ... on level 1 of the Lair of Beasts.
             The game lasted 00:36:02 (8518 turns).

laktoze the Slicer (Kobold Berserker)               Turns: 8518, Time: 00:36:02

Health: -1/76      AC:  7    Str: 24    XL:     11   Next: 93%
Magic:  11/11      EV: 20    Int:  9    God:    Trog [*****.]
Gold:   509        SH:  7    Dex: 14    Spells: 10/10 levels left

rFire    . . .     SeeInvis .   B - +7 war axe "Mimobut" {drain, rElec rPois Str+6 Int-5}
rCold    . . .     Gourm    .   x - +3 buckler
rNeg     . . .     Faith    .   y - +2 robe {MR+}
rPois    +         Spirit   .   z - +2 helmet
rElec    +         Reflect  .   (no cloak)
rCorr    .         Harm     .   (no gloves)
MR       +....                  C - +2 pair of boots
Stlth    +.........             (no amulet)
HPRegen  0.22/turn              b - +5 ring of intelligence
MPRegen  0.12/turn              q - ring of flight

@: corroded
A: small, carnivore
a: Berserk, Trog's Hand, Brothers in Arms, Renounce Religion, Evoke Flight


You were on level 1 of the Lair of Beasts.
You worshipped Trog.
Trog was extremely pleased with you.
You were completely stuffed.

You visited 3 branches of the dungeon, and saw 11 of its levels.

You collected 543 gold pieces.
You spent 34 gold pieces at shops.

Inventory:

Hand Weapons
 k - a +4 dagger of electrocution
 w - a +3 scimitar of flaming
 A - a +0 dagger of chaos
 B - the +7 war axe "Mimobut" (weapon) {drain, rElec rPois Str+6 Int-5}
   (You found it on level 5 of the Dungeon)

   A truly terrible weapon, it drains the life of those it strikes.
   It affects your strength (+6).
   It affects your intelligence (-5).
   It insulates you from electricity.
   It protects you from poison.
Armour
 x - a +3 buckler (worn)
 y - a +2 robe of magic resistance (worn)
 z - a +2 helmet (worn)
 C - a +2 pair of boots (worn)
 D - a +2 robe of fire resistance
Jewellery
 b - a +5 ring of intelligence (left hand)
 n - an uncursed ring of resist corrosion
 q - a ring of flight (right hand)
 v - an uncursed ring of stealth
 E - a +3 ring of intelligence
Wands
 m - a wand of random effects (37)
 t - a wand of clouds (6)
Scrolls
 g - 2 scrolls of fear
 h - 10 scrolls of teleportation
 i - 5 scrolls of magic mapping
 l - a scroll of remove curse
 r - a scroll of enchant weapon {unknown}
Potions
 e - 4 potions of curing
 f - 3 potions of agility
 j - 6 potions of ambrosia
 o - a potion of heal wounds
 p - 3 potions of lignification
 s - a potion of haste
 u - a potion of mutation {unknown}
Comestibles
 c - 20 rations


   Skills:
 * Level 12.2 Fighting
 * Level 14.4 Short Blades
 - Level 6.0 Armour
 - Level 9.0 Dodging


You had 10 spell levels left.
You didn't know any spells.
Your spell library was empty.

Dungeon Overview and Level Annotations

Branches:
Dungeon (9/15)             Temple (1/1) D:6            Lair (1/6) D:9
    Orc: D:9-12

Altars:
Ashenzari
Cheibriados
Dithmenos
Elyvilon
Fedhas
Gozag
Hepliaklqana
Kikubaaqudgha
Makhleb
Nemelex Xobeh
Okawaru
Qazlal
Ru
Sif Muna
Trog
Uskayaw
Vehumet
Wu Jian
Xom
Yredelemnul
Zin
The Shining One

Shops:
D:4 }=*   D:7 [   D:8 }

Annotations:
Lair:1 exclusion: 3 oklob plants


Innate Abilities, Weirdness & Mutations

You are small and have problems with some larger weapons.
You are carnivorous and can eat meat at any time.


Message History

The oklob plant is heavily damaged.
You hit the plant but do no damage. You hit the plant.
The oklob plant spits acid at you.
The splash of acid hits you but does no damage.
The acid corrodes you!
You are splashed with acid!
You hit the oklob plant.
The oklob plant is heavily damaged.
You slash the plant! You hit the plant but do no damage.
You slash the oklob plant!
The oklob plant is severely damaged.
You hit the plant but do no damage. x2
The oklob plant spits acid at you. The splash of acid hits you!
You are splashed with acid!
The oklob plant spits acid at you. The splash of acid hits you!
You are splashed with acid!
The oklob plant spits acid at you. The splash of acid hits you!
* * * LOW HITPOINT WARNING * * *
You are splashed with acid!
You die...

#............#........####
#>....................####
.#........................
###.#..........#....###.#
##..........#.#.....##...
.............#...#..###P≈
................#......P≈
......................P≈≈
........@.............≈PP
....PPP..............##..
...PP(PP.............##..
..PPP.PPP...............#
..P..(.?PP.............
..P.P>..P.......
....PPPPP.......
....P...(.......
................


You could see 3 oklob plants.

Vanquished Creatures
  Erica (D:9)
  A two-headed ogre (D:9)
  Pikel (D:8)
  Psyche (D:9)
  Joseph (Lair:1)
  A spiny frog (Lair:1)
  A komodo dragon (Lair:1)
  4 blink frogs (Lair:1)
  A hippogriff (Lair:1)
  A spriggan (D:7)
  A basilisk (D:9)
  4 wyverns (D:9)
  7 yaks
  A hungry ghost (D:8)
  A water moccasin (D:9)
  An acid dragon (D:9)
  A floating eye (Lair:1)
  2 porcupines (Lair:1)
  2 black bears (Lair:1)
  2 orc warriors (D:7)
  2 ice beasts
  2 sky beasts
  2 phantoms (D:5)
  4 ogres
  2 crocodiles (Lair:1)
  A centaur (D:6)
  A big kobold (D:9)
  6 bullfrogs
  4 scorpions
  5 killer bees (D:7)
  4 electric eels
  3 howler monkeys
  5 crimson imps
  A centaur zombie (D:5)
  2 bullfrog zombies (D:8)
  A centaur skeleton (D:9)
  6 orc priests
  4 hounds
  2 jellies
  11 orc wizards
  3 iguanas
  7 worker ants
  A hound skeleton (D:4)
  2 worker ant zombies (D:9)
  4 adders
  A howler monkey skeleton (D:6)
  3 gnolls (D:8)
  A hound simulacrum (D:8)
  2 shadow imps
  An adder zombie (D:8)
  2 adder skeletons
  2 worms (D:2)
  A dart slug (D:1)
  3 leopard geckos
  37 orcs
  A ball python (D:2)
  2 giant cockroaches
  9 hobgoblins
  11 jackals
  5 quokkas
  8 bats
  9 frilled lizards
  5 goblins
  2 jackal skeletons
  11 kobolds
  A leopard gecko zombie (D:5)
  A quokka skeleton (D:5)
  7 rats
245 creatures vanquished.

Vanquished Creatures (others)
  A wizard (D:3)
  2 plants (Lair:1)
3 creatures vanquished.

Grand Total: 248 creatures vanquished

Notes
Turn   | Place    | Note
-------+----------+-------------------------------------------
     0 | D:1      | laktoze the Kobold Berserker began the quest for the Orb.
     0 | D:1      | Reached XP level 1. HP: 14/14 MP: 1/1
   177 | D:1      | Reached XP level 2. HP: 19/19 MP: 2/2
   288 | D:1      | Reached XP level 3. HP: 8/24 MP: 3/3
   427 | D:1      | Reached skill level 10 in Short Blades
   427 | D:1      | Reached XP level 4. HP: 25/36 MP: 4/4
   775 | D:2      | Reached ** piety under Trog
  1077 | D:2      | Reached XP level 5. HP: 33/41 MP: 5/5
  1096 | D:2      | Reached skill level 11 in Short Blades
  1569 | D:3      | Reached XP level 6. HP: 46/46 MP: 6/6
  1672 | D:3      | Reached *** piety under Trog
  1927 | D:3      | Found a bloodstained altar of Trog.
  1928 | D:3      | Noticed a wizard
  1933 | D:3      | Killed a wizard
  2311 | D:4      | Noticed an ogre
  2318 | D:4      | Killed an ogre
  2318 | D:4      | Reached XP level 7. HP: 34/51 MP: 7/7
  2443 | D:4      | Found Caakeikh's Assorted Antiques.
  2464 | D:4      | Bought a scroll labeled NEVVUIGOUXT for 18 gold pieces
  2464 | D:4      | Bought a pink potion for 16 gold pieces
  2507 | D:4      | Reached skill level 5 in Dodging
  2593 | D:4      | Found Arown's Gadget Shoppe.
  2606 | D:4      | Reached XP level 8. HP: 49/56 MP: 8/8
  2910 | D:4      | Found Quket's Jewellery Shop.
  2993 | D:5      | Entered Level 5 of the Dungeon
  3259 | D:5      | Found a glowing silver altar of Zin.
  3259 | D:5      | Found a hide-covered altar of Uskayaw.
  3343 | D:5      | Found an iron altar of Okawaru.
  3343 | D:5      | Found a stormy altar of Qazlal.
  3350 | D:5      | Got a twisted war axe
  3591 | D:5      | Reached **** piety under Trog
  3666 | D:5      | Reached XP level 9. HP: 60/60 MP: 9/9
  3765 | D:6      | Found a staircase to the Ecumenical Temple.
  3950 | D:6      | Reached skill level 5 in Armour
  4142 | D:6      | Found a bloodstained altar of Trog.
  4179 | D:6      | Found an opulent altar of Gozag.
  4661 | Temple   | Entered the Ecumenical Temple
  4925 | D:7      | Found Bebbig's Armour Shoppe.
  5031 | D:7      | Identified the +7 war axe "Mimobut" {drain, rElec rPois
                  | Str+6 Int-5} (You found it on level 5 of the Dungeon)
  5056 | D:7      | Found a white marble altar of Elyvilon.
  5491 | D:7      | Reached XP level 10. HP: 21/66 MP: 10/10
  5726 | D:7      | Found a sparkling altar of Nemelex Xobeh.
  6001 | D:8      | Found Siagidol's Gadget Boutique.
  6024 | D:8      | Found a shadowy altar of Dithmenos.
  6043 | D:8      | Reached ***** piety under Trog
  6222 | D:8      | Found a blossoming altar of Fedhas.
  6318 | D:8      | Noticed Pikel
  6340 | D:8      | Killed Pikel
  6825 | D:9      | Found an ancient bone altar of Kikubaaqudgha.
  6825 | D:9      | Noticed Erica
  6833 | D:9      | Received a gift from Trog
  6834 | D:9      | Killed Erica
  6834 | D:9      | Reached skill level 10 in Fighting
  6834 | D:9      | Reached skill level 12 in Short Blades
  6892 | D:9      | Noticed a two-headed ogre
  6899 | D:9      | Killed a two-headed ogre
  6899 | D:9      | Reached XP level 11. HP: 67/73 MP: 11/11
  6931 | D:9      | Reached skill level 13 in Short Blades
  7087 | D:9      | Found the +8 storm bow {elec}
  7088 | D:9      | Noticed Psyche
  7098 | D:9      | Killed Psyche
  7280 | D:9      | Found a glowing golden altar of the Shining One.
  7287 | D:9      | Found a snail-covered altar of Cheibriados.
  7655 | D:9      | Found a staircase to the Lair.
  7727 | Lair:1   | Entered Level 1 of the Lair of Beasts
  7985 | Lair:1   | Reached skill level 14 in Short Blades
  7985 | Lair:1   | Paralysed by a floating eye for 2 turns
  8002 | Lair:1   | Got a smoking plate armour
  8017 | Lair:1   | Identified the cursed +1 plate armour of Poor Excuses
                  | {Str+3} (You found it on level 1 of the Lair of Beasts)
  8223 | Lair:1   | Noticed Joseph
  8238 | Lair:1   | Killed Joseph
  8504 | Lair:1   | Noticed an oklob plant
  8505 | Lair:1   | Noticed an oklob plant
  8508 | Lair:1   | Noticed an oklob plant
  8518 | Lair:1   | Splashed by an oklob plant's acid

Skill      XL: |  1  2  3  4  5  6  7  8  9 10 11 |
---------------+----------------------------------+-----
Fighting       | 9 10 12 | 12.2
Short Blades   | 10 11 12 14 | 14.4
Dodging        | 3 4 5 6 8 9 |  9.0
Armour         | 2 3 4 5 6 |  6.0

Action                   |  1- 3 |  4- 6 |  7- 9 | 10-12 || total
-------------------------+-------+-------+-------+-------++-------
Melee: Short sword       |    70 |   103 |       |       ||   173
       Dagger            |       |    59 |   257 |       ||   316
       War axe           |       |       |    30 |   221 ||   251
Invok: Berserk           |       |     2 |     2 |     3 ||     7
  Use: Scroll            |     3 |     6 |     6 |     5 ||    20
       Potion            |     1 |       |     8 |     3 ||    12
 Stab: Sleeping          |       |       |     1 |       ||     1
  Eat: Chunk             |     7 |     6 |    10 |    19 ||    42
       Ration            |       |       |       |     1 ||     1
Armor: Leather armour    |    10 |    25 |    37 |    17 ||    89
       Robe              |       |       |       |    28 ||    28
Dodge: Dodged            |    51 |    77 |   155 |   230 ||   513
Block: Buckler           |       |       |    15 |    98 ||   113
